cohdb
Replays
Latest Replays
All Replays
Popular Replays
Top Player Replays
Match Explorer
How It Works
Community
CoH3 Stats
Reddit
Sign in to upload your games and track your stats! →
Sign in with Steam
Match 41826245
Unlisted
Match 41826245
Overview
Messages
Build Orders
End
Construct Barracks
Selects Special Operations Battlegroup
Selects Special Operations Battlegroup
Riflemen Squad
Riflemen Squad
Construct Weapon Support Center
Selects M29 Weasel with M1 Pack Howitzer
M29 Weasel with M1 Pack Howitzer
Grenade Package
M1919 Machine Gun Team
Selects Raiding Flares
Raiding Flares
Infantry Support Center
M1918 Browning Automatic Rifles
M3 Armored Personnel Carrier
Construct Motor Pool
M1 Anti-tank Gun Team
Selects SSF Commando Squad
SSF Commando Squad
Improved M9 Bazooka Rockets
M1 Anti-tank Gun Team
Vettlen
jordstg
北城以北陌路人
Lennyslav
Valdai
Sailor
4ipolino
KnJaz
0
0
Comments
sign in to comment!
No comments posted yet!